 Dungeon Crawl Stone Soup version 0.31-a0-705-ga145531891 (webtiles) character file.

Game seed: 12137936806735392836

1025 qw the Skirmisher (level 8, -4/49 HPs)
             Began as a Gargoyle Hunter on Sept 9, 2023.
             Slain by Duvessa
             ... wielding a +0 short sword
              (10 damage)
             ... on level 5 of the Dungeon.
             The game lasted 00:01:41 (3792 turns).

qw the Skirmisher (Gargoyle Hunter)                 Turns: 3792, Time: 00:01:42

Health: -4/49      AC: 13    Str: 15    XL:     8   Next: 23%
Magic:  8/8        EV: 11    Int: 10    God:
Gold:   178        SH:  0    Dex: 15    Spells: 7/7 levels left

rFire   . . .        Y - +1 shortbow
rCold   . . .        (shield currently unavailable)
rNeg    + . .        j - +0 ring mail
rPois   inf          (no helmet)
rElec   +            (no cloak)
rCorr   .            (no gloves)
SInv    .            b - +2 pair of boots
Will    .....        (no amulet) Stlth
                     (no ring)
HPRegen 0.28/turn    (no ring)
MPRegen 0.11/turn

%: no passive effects
@: confused
A: sickness immunity, AC +5, negative energy resistance 1, electricity
resistance, torment resistance 1, petrification resistance
a: no special abilities


You were on level 5 of the Dungeon.
You visited 1 branch of the dungeon, and saw 5 of its levels.

You collected 178 gold pieces.


Innate Abilities, Weirdness & Mutations

You are immune to sickness and miasma.
Your stone body is resilient. (AC +5)
You are immune to poison.
You resist negative energy. (rN+)
You are resistant to electric shocks. (rElec)
You are resistant to unholy torment.
You are immune to petrification.


   Skills:
 - Level 5.0 Fighting
 - Level 9.2 Ranged Weapons
 + Level 1.2 Armour
 - Level 1.5 Dodging
 - Level 1.1 Stealth


You had 7 spell levels left.
You didn't know any spells.
Your spell library was empty.

Inventory:

Hand Weapons
 Y - a +1 shortbow (weapon)
Armour
 b - a +2 pair of boots (worn)
 j - a +0 ring mail (worn)
Jewellery
 a - a ring of fire
Wands
 g - a wand of digging (7)
Scrolls
 c - a scroll of revelation {unknown}
 d - a scroll of identify {unknown}
Potions
 e - a potion of magic {unknown}
 f - a potion of cancellation {unknown}
 h - a potion of might
 i - a potion of mutation {unknown}

Dungeon Overview and Level Annotations

Branches:
Dungeon (5/15)
 Temple: D:4-7

Altars:
Ashenzari
Vehumet

Annotations:
D:5 Dowan, Duvessa, Sigmund


Message History

Duvessa is moderately wounded.
Something hits you but does no damage. Duvessa hits you but does no damage.
You shoot an arrow.
The arrow hits Duvessa but does no damage.
Duvessa is moderately wounded.
Duvessa hits you with a +0 short sword.
You hear some strange, mumbled words.
You are confused.
Duvessa hits you but does no damage.
Dowan says, "My weaknesses are her strengths!"
Something hits you but does no damage.
A water moccasin comes into view.
Dowan casts a spell at Duvessa.
Duvessa seems to speed up.
The water moccasin moves out of view.
Duvessa barely misses you. Something hits you but does no damage.
Duvessa hits you but does no damage. Duvessa hits you with a +0 short sword!
Dowan mumbles some strange words.
Dowan blinks!
Something hits you. Duvessa hits you but does no damage. x2
Something hits you but does no damage. Duvessa hits you with a +0 short sword.
You feel less confused. Duvessa hits you with a +0 short sword.
The water moccasin bites you but does no damage.
Something hits you but does no damage. Duvessa hits you with a +0 short sword.
The water moccasin closely misses you.
Enter note:
3790 |||
Found retreat position at -2,-1 (floor) with 0 blocking monsters and 1 monsters attacking at destination at distance 2
Enter note:
3790 ||| Stepping ~*~*~tactically~*~*~ (retreating).
Duvessa hits you but does no damage.
Enter note:
3791 |||
Found retreat position at -1,0 (floor) with 0 blocking monsters and 1 monsters attacking at destination at distance 1
3791 ||| Stepping ~*~*~tactically~*~*~ (retreating).
You shoot an arrow.
You hear some strange, mumbled words.
You are confused.
Duvessa hits you with a +0 short sword! Something hits you but does no damage.
Duvessa hits you with a +0 short sword!
You die...

....#+#.# ........# ###
........# #... ..#
........###....####.##
..........'....{@e#.. #......#
...(#.....#....##S#.. #......#
....#.....#......e#.#. #......#
......#.#.#....##.#.#.###......#
..........#.....#.#.# ..#%.....#
###.#######.........# #.#......#
#.................###.#......#
#<...........................#
#......<..#.#........#..######


You could see Duvessa (fast), a water moccasin and Dowan.

Vanquished Creatures
  Pikel (D:5)
  Menkaure (D:4)
  A phantom (D:4)
  2 lemures (D:5)
  3 hounds
  A sleepcap (D:4)
  Jessica (D:3)
  Terence (D:2)
  2 orc wizards (D:4)
  3 gnolls (D:3)
  6 adders
  An ufetubus (D:4)
  2 dart slugs
  15 orcs
  3 bats
  5 endoplasms
  A giant cockroach (D:2)
  5 goblins
  7 hobgoblins
  3 jackals (D:1)
  A quokka (D:4)
  5 ball pythons
  4 frilled lizards
  6 kobolds
  6 rats
86 creatures vanquished.

Vanquished Creatures (collateral kills)
  A hobgoblin (D:2)
1 creature vanquished.

Grand Total: 87 creatures vanquished

Notes
Turn   | Place    | Note
-------+----------+-------------------------------------------
     0 | D:1      | qw the Gargoyle Hunter began the quest for the Orb.
     0 | D:1      | Reached XP level 1. HP: 12/12 MP: 1/1
     0 | D:1      | 0 ||| qw: Version: 0.3-a-80-g6052c40
     0 | D:1      | 0 ||| qw: Game counter: 1344
     0 | D:1      | 0 ||| qw: Melee chars always use a shield: true
     0 | D:1      | 0 ||| qw: God list: Okawaru
     0 | D:1      | 0 ||| qw: Allow faded altars: false
     0 | D:1      | 0 ||| qw: Do Orc after clearing Dungeon:15 true
     0 | D:1      | 0 ||| qw: Do second Lair branch before Depths: true
     0 | D:1      | 0 ||| qw: Lair rune preference: random
     0 | D:1      | 0 ||| qw: Goals: Normal
     0 | D:1      | 0 ||| PLANNING D:1-11
   173 | D:1      | Reached XP level 2. HP: 13/17 MP: 2/2
   267 | D:1      | You fall into a shaft and drop 1 floor!
   335 | D:2      | 335 ||| READING scroll labelled QIAMUQ WUSCHOEZ.
   336 | D:2      | 336 ||| READING 3 scrolls labelled KAUGUR HOYS.
   337 | D:2      | 337 ||| READING scroll labelled ZOGHAN CAZE.
   435 | D:2      | 435 ||| FLEEEEING.
   436 | D:2      | 436 ||| FLEEEEING.
   442 | D:2      | 442 ||| STAIRDANCE
   632 | D:1      | Reached XP level 3. HP: 21/21 MP: 3/3
   901 | D:1      | 901 ||| READING scroll labelled DAS AFARGHOCK.
   902 | D:1      | 902 ||| READING scroll labelled ILIONTIWOU.
   903 | D:1      | 903 ||| DRINKING 2 purple potions.
   904 | D:1      | 904 ||| DRINKING 2 fizzy pink potions.
   905 | D:1      | 905 ||| DROPPING scroll of butterflies.
   906 | D:1      | 906 ||| DROPPING 2 scrolls of noise.
   940 | D:2      | Reached skill level 5 in Ranged Weapons
  1111 | D:2      | Noticed Terence
  1126 | D:2      | Killed Terence
  1127 | D:2      | Reached skill level 3 in Fighting
  1504 | D:2      | 1504 ||| READING 2 scrolls labelled DOIRICZILU.
  1548 | D:3      | Noticed Jessica
  1550 | D:3      | Killed Jessica
  1551 | D:3      | Reached XP level 4. HP: 28/28 MP: 4/4
  1577 | D:3      | Found a broken altar of Ashenzari.
  1717 | D:3      | Found a radiant altar of Vehumet.
  1756 | D:3      | 1756 ||| Stepping ~*~*~tactically~*~*~ (retreating).
  1757 | D:3      | 1757 ||| Stepping ~*~*~tactically~*~*~ (retreating).
  1758 | D:3      | 1758 ||| Stepping ~*~*~tactically~*~*~ (retreating).
  1769 | D:3      | Reached XP level 5. HP: 23/32 MP: 5/5
  2253 | D:3      | 2253 ||| UPGRADING to +0 ring mail.
  2312 | D:3      | 2312 ||| DROPPING +0 leather armour.
  2425 | D:3      | 2425 ||| READING scroll labelled ETIMOSHR HASECS.
  2426 | D:3      | 2426 ||| DRINKING 2 sapphire potions.
  2427 | D:3      | 2427 ||| DROPPING potion of invisibility.
  2547 | D:4      | Reached skill level 1 in Armour
  2563 | D:4      | 2563 ||| FLEEEEING.
  2564 | D:4      | 2564 ||| FLEEEEING.
  2565 | D:4      | 2565 ||| FLEEEEING.
  2575 | D:4      | 2575 ||| FLEEEEING.
  2576 | D:4      | 2576 ||| FLEEEEING.
  2577 | D:4      | 2577 ||| FLEEEEING.
  2580 | D:4      | 2580 ||| FLEEEEING.
  2581 | D:4      | 2581 ||| FLEEEEING.
  2582 | D:4      | 2582 ||| FLEEEEING.
  2586 | D:4      | 2586 ||| FLEEEEING.
  2587 | D:4      | 2587 ||| FLEEEEING.
  2606 | D:4      | Reached skill level 6 in Ranged Weapons
  2711 | D:4      | Noticed Menkaure
  2713 | D:4      | 2713 ||| FLEEEEING.
  2714 | D:4      | 2714 ||| FLEEEEING.
  2715 | D:4      | 2715 ||| FLEEEEING.
  2717 | D:4      | 2717 ||| FLEEEEING.
  2718 | D:4      | 2718 ||| FLEEEEING.
  2719 | D:4      | 2719 ||| FLEEEEING.
  2720 | D:4      | 2720 ||| FLEEEEING.
  2735 | D:4      | Killed Menkaure
  2736 | D:4      | Reached XP level 6. HP: 32/39 MP: 6/6
  2885 | D:4      | 2885 ||| Stepping ~*~*~tactically~*~*~ (retreating).
  2905 | D:4      | HP: 4/39 [something/puff of flame (6)]
  2906 | D:4      | 2906 ||| READING scroll of teleportation.
  2907 | D:4      | 2907 ||| DRINKING potion of heal wounds.
  3106 | D:4      | 3106 ||| FLEEEEING.
  3107 | D:4      | 3107 ||| FLEEEEING.
  3108 | D:4      | 3108 ||| FLEEEEING.
  3109 | D:4      | 3109 ||| FLEEEEING.
  3110 | D:4      | 3110 ||| FLEEEEING.
  3111 | D:4      | 3111 ||| FLEEEEING.
  3112 | D:4      | 3112 ||| FLEEEEING.
  3113 | D:4      | 3113 ||| FLEEEEING.
  3114 | D:4      | 3114 ||| FLEEEEING.
  3115 | D:4      | 3115 ||| FLEEEEING.
  3116 | D:4      | 3116 ||| FLEEEEING.
  3117 | D:4      | 3117 ||| FLEEEEING.
  3118 | D:4      | 3118 ||| FLEEEEING.
  3119 | D:4      | 3119 ||| FLEEEEING.
  3120 | D:4      | 3120 ||| FLEEEEING.
  3165 | D:4      | Reached skill level 7 in Ranged Weapons
  3165 | D:4      | Reached XP level 7. HP: 40/44 MP: 7/7
  3467 | D:4      | 3467 ||| UPGRADING to +2 pair of boots.
  3472 | D:4      | 3472 ||| READING scroll labelled MUSMAI PETHAQ.
  3473 | D:4      | 3473 ||| READING scroll labelled ZUIXZE CUIZE.
  3485 | D:5      | Entered Level 5 of the Dungeon
  3546 | D:5      | Noticed Pikel
  3547 | D:5      | 3547 ||| RETREATING.
  3589 | D:5      | Killed Pikel
  3590 | D:5      | Reached skill level 9 in Ranged Weapons
  3590 | D:5      | Reached XP level 8. HP: 26/48 MP: 8/8
  3757 | D:5      | Noticed Sigmund
  3772 | D:5      | Noticed Duvessa
  3778 | D:5      | Noticed Dowan
  3790 | D:5      | 3790 ||| Stepping ~*~*~tactically~*~*~ (retreating).
  3791 | D:5      | 3791 ||| Stepping ~*~*~tactically~*~*~ (retreating).
  3791 | D:5      | HP: 6/49 [Duvessa/+0 short sword (7)]
  3792 | D:5      | Slain by Duvessa

Levels and vault maps discovered:
D:1:      spicycebolla_arrival_xxxplode, layout_basic
D:2:      layout_loops_ring, minmay_statues_item, minmay_hexomino_f4,
          uniq_terence
D:3:      layout_basic, vehumet_crystals, ashenzari_conservatory_becter,
          minmay_misc_feat_alley, uniq_jessica
D:4:      layout_basic, grunt_ministairs_2, uniq_menkaure
D:5:      layout_basic, kennysheep_mini_moat, minmay_temple_entry_poolview,
          uniq_sigmund, uniq_pikel, uniq_duvessa

Skill      XL: |  1  2  3  4  5  6  7  8 |
---------------+-------------------------+-----
Ranged Weapons | 5 6 7 9 |  9.2
Fighting       | 3 4 5 |  5.0
Armour         | 1 |  1.2
Dodging        | |  1.5
Stealth        | |  1.1

Action                     |  1- 3 |  4- 6 |  7- 9 || total
---------------------------+-------+-------+-------++-------
   Fire: Shortbow          |    88 |   189 |   132 ||   409
    Use: Scroll            |     6 |     2 |     2 ||    10
         Potion            |     2 |     2 |       ||     4
 Armour: Leather armour    |    38 |     9 |       ||    47
         Ring mail         |       |    94 |    77 ||   171
         Skin              |       |     3 |       ||     3
  Dodge: Dodged            |    26 |    71 |    50 ||   147

Table legend:
 A = Non-vault XP
 B = Vault XP
 C = Vault XP percentage of total XP
 D = Non-vault monster count
 E = Vault monster count
 F = Vault count percentage of total count
                 A         B        C        D         E       F
            +---------+---------+-------+---------+---------+-------
      Total |     556 |     909 |  62.0 |      76 |       9 |  10.6
            +---------+---------+-------+---------+---------+-------
        D:1 |      29 |       0 |   0.0 |      19 |       0 |   0.0
        D:2 |      10 |      41 |  80.4 |       6 |       4 |  40.0
        D:3 |      79 |      37 |  31.9 |      20 |       1 |   4.8
        D:4 |     363 |     214 |  37.1 |      26 |       3 |  10.3
        D:5 |      75 |     617 |  89.2 |       5 |       1 |  16.7
            +---------+---------+-------+---------+---------+-------
